 Dungeon Crawl Stone Soup version 0.21.0-30-g47ce8e4 (webtiles) character file.

14175 lydgate the Grappler (level 11, 0/163 HPs)
             Began as a Troll Berserker on Jan 28, 2018.
             Was an Elder of Trog.
             Succumbed to a ghost moth's poison
             ... on level 1 of the Spider Nest on Jan 29, 2018.
             The game lasted 00:55:45 (8719 turns).

lydgate the Grappler (Troll Berserker)              Turns: 8719, Time: 00:55:45

Health: 0/163      AC: 13    Str: 36 (37) XL:     11   Next: 85%
Magic:  0/10       EV: 12    Int:  2 (3)  God:    Trog [****..]
Gold:   426        SH:  0    Dex: 10 (12) Spells: 10/10 levels left

rFire    . . .     SeeInvis .     - Unarmed
rCold    . . .     Gourm    +   (no shield)
rNeg     . . .     Faith    +   j - +2 acid dragon scales
rPois    .         Spirit   .   (helmet restricted)
rElec    .         Reflect  .   r - +0 cloak
rCorr    +         Harm     .   (gloves unavailable)
MR       ++...                  (boots unavailable)
Stlth    ..........             t - amulet of faith
HPRegen  1.77/turn              (no ring)
MPRegen  0.12/turn              v - +5 ring of strength

@: berserking, lethally poisoned (0 -> -59), regenerating, studying Throwing,
very quick
A: large, unfitting armour, claws 3, fast metabolism 3, gourmand, regeneration
1, shaggy fur 1, tough skin 2
a: Berserk, Trog's Hand, Brothers in Arms, Burn Spellbooks, Renounce Religion


You were on level 1 of the Spider Nest.
You worshipped Trog.
Trog was greatly pleased with you.
You were full.

You visited 3 branches of the dungeon, and saw 11 of its levels.
You also visited: Sewer.

You collected 426 gold pieces.

Inventory:

Hand Weapons
 C - the +1 rapier of Emedunoiqo {speed, rC++}
   (You took it off an orc on level 7 of the Dungeon)

   Attacks with this weapon are significantly faster.
   It greatly protects you from cold.
 F - a +3 scimitar of electrocution
 R - the +7 lajatang of Order {silver, rMut}
   (You found it on level 2 of the Lair of Beasts)

   It protects you from mutation.
Missiles
 c - 456 stones
 y - 5 poisoned tomahawks (quivered)
 B - 5 needles of confusion
 K - 6 tomahawks
 L - 4 needles of sleeping
 O - 6 needles of frenzy
 P - 23 poisoned needles
Armour
 e - a +0 robe of magic resistance
 j - +2 acid dragon scales (worn)
 n - a +0 robe of fire resistance
 r - a +0 cloak (worn)
Magical Staves
 q - an uncursed staff of fire
 G - an uncursed staff of earth
Jewellery
 m - an uncursed ring of poison resistance
 t - an amulet of faith (around neck)
 v - a +5 ring of strength (right claw)
 x - an uncursed ring of resist corrosion
 z - a cursed amulet of inaccuracy {unknown}
 D - an uncursed amulet of rage {unknown}
 H - a +3 ring of intelligence
 Q - an uncursed ring of protection from magic
Wands
 a - a wand of paralysis (6)
 f - a wand of polymorph (16)
 u - a wand of digging (13)
 U - a wand of acid (6)
Scrolls
 k - a scroll of fear {unknown}
 l - a scroll of immolation {unknown}
 I - a scroll of enchant weapon
 N - a scroll of vulnerability {unknown}
 S - a scroll of torment {unknown}
 T - a scroll of teleportation
Potions
 d - 2 potions of ambrosia
 g - 4 potions of curing
 h - a potion of heal wounds
 i - a potion of cancellation {unknown}
 o - 6 potions of flight
 p - 2 potions of might {unknown}
 s - 2 potions of mutation
 w - a potion of lignification {unknown}
 A - 4 potions of brilliance
 J - a potion of agility {unknown}
Books
 E - a manual of Throwing
Miscellaneous
 M - a lightning rod (1/4)
Comestibles
 b - 18 rations


   Skills:
 + Level 7.1 Fighting
 + Level 8.3 Throwing
 + Level 4.8 Armour
 + Level 7.2 Dodging
 + Level 4.7 Stealth
 * Level 10.4 Unarmed Combat


You had 10 spell levels left.
You didn't know any spells.

Dungeon Overview and Level Annotations

Branches:
Dungeon (8/15)             Temple (0/1) D:5            Lair (2/6) D:8
  Swamp (0/4) Lair:2       Spider (1/4) Lair:2

Altars:
Elyvilon


Innate Abilities, Weirdness & Mutations

You are too large for most types of armour.
You have claws for hands.
Your metabolism is lightning-fast.
You like to eat raw meat.
Your natural rate of healing is unusually fast.
You are covered in fur. (AC +1)
You have very tough skin. (AC +2)


Message History

You miss something.
* * * LOW HITPOINT WARNING * * *
You feel very sick. Something hits you but does no damage. Something hits you.
* * * LOW HITPOINT WARNING * * *
Something stings you.
* * * LOW HITPOINT WARNING * * *
You are too berserk!
You miss something.
* * * LOW HITPOINT WARNING * * *
You feel very sick.
You barely miss something. Your claw misses something.
* * * LOW HITPOINT WARNING * * *
You feel very sick. Something hits you!
* * * LOW HITPOINT WARNING * * *
Something hits you but does no damage.
Something stings you but does no damage.
You mangle something!! Your claw misses something.
You die...

#..#..## #####...###
##.....###..#......#
#.............#...##
##...........##.###
#..........#####
#...#......#
#...#...#### ##..#..{^##
####..@..# #.....#
#(...## ## ###.....#
####. #.......# ##....
##....### ### #.....
###......# ##.### ##....
#.......####....####....
##.......#.....###......


There were no monsters in sight!

Vanquished Creatures
  An unseen horror (D:7)
  Pikel (D:5)
  An orb spider (Spider:1)
  An ugly thing (D:7)
  2 wolf spiders (Spider:1)
  A moth of wrath (Spider:1)
  2 black mambas
  3 spiny frogs (Lair:2)
  A komodo dragon (Lair:2)
  A demonic crawler (Spider:1)
  The ghost of Nicoed the Chopper, an amateur MiFi of Yredelemnul (D:4)
  3 jumping spiders
  2 hippogriffs
  6 redbacks (Lair:2)
  A tarantella (Spider:1)
  10 yaks
  5 swamp worms (Lair:2)
  A water moccasin (Lair:2)
  Duvessa (D:6)
  A black bear (D:8)
  7 porcupines
  A sky beast (D:6)
  2 phantoms
  A necrophage (D:7)
  A slave (D:5)
  3 ogres
  4 centaurs
  3 crocodiles
  2 big kobolds
  8 bullfrogs
  A scorpion (D:8)
  Dowan (D:6)
  5 killer bees (D:8)
  3 howler monkeys
  An electric eel (Lair:2)
  A crimson imp (D:7)
  A bullfrog zombie (D:6)
  A jelly (D:8)
  An orc priest (D:3)
  4 hounds
  A centaur skeleton (D:6)
  4 orc wizards
  Jessica (D:2)
  4 iguanas
  6 worker ants
  A howler monkey zombie (D:7)
  10 gnolls
  A howler monkey skeleton (D:7)
  2 river rats (Sewer)
  9 adders
  An adder zombie (D:5)
  An adder skeleton (D:7)
  6 worms
  2 dart slugs
  5 leopard geckos
  25 orcs
  5 bats
  7 giant cockroaches
  7 hobgoblins
  16 jackals
  4 quokkas
  6 frilled lizards
  3 goblins (D:2)
  A jackal skeleton (D:5)
  A jackal zombie (D:6)
  10 kobolds
  22 rats
257 creatures vanquished.

Vanquished Creatures (collateral kills)
  An orb spider (Spider:1)
  2 wolf spiders (Spider:1)
  A jumping spider (Spider:1)
  A redback (Spider:1)
  2 yaks (Lair:2)
  2 crocodiles (D:8)
  A bullfrog (D:8)
  An orc (D:8)
11 creatures vanquished.

Vanquished Creatures (others)
  12 fungi (D:8)
  2 plants (D:8)
14 creatures vanquished.

Grand Total: 282 creatures vanquished

Notes
Turn   | Place    | Note
-------+----------+-------------------------------------------
     0 | D:1      | lydgate the Troll Berserker began the quest for the Orb.
     0 | D:1      | Reached XP level 1. HP: 22/22 MP: 0/0
    29 | D:1      | Reached XP level 2. HP: 29/29 MP: 1/1
   434 | D:1      | Reached XP level 3. HP: 35/36 MP: 2/2
  1125 | D:1      | Reached ** piety under Trog
  1363 | D:2      | Reached XP level 4. HP: 42/44 MP: 3/3
  1602 | D:2      | Noticed Jessica
  1610 | D:2      | Killed Jessica
  1610 | D:2      | Reached skill level 1 in Throwing
  1739 | D:3      | Reached XP level 5. HP: 53/53 MP: 4/4
  1859 | D:3      | Reached skill level 4 in Unarmed Combat
  1945 | D:3      | Reached skill level 1 in Stealth
  2176 | D:3      | Reached *** piety under Trog
  2492 | D:4      | Reached XP level 6. HP: 61/61 MP: 5/5
  2553 | D:4      | Noticed Nicoed's ghost (amateur MiFi)
  2566 | D:4      | Killed Nicoed's ghost
  2567 | D:4      | Reached XP level 7. HP: 40/68 MP: 6/6
  2620 | D:4      | You fall through a shaft!
  2620 | D:5      | Entered Level 5 of the Dungeon
  2625 | D:5      | Found a staircase to the Ecumenical Temple.
  2780 | D:5      | Reached skill level 5 in Unarmed Combat
  2874 | D:5      | Found a glowing drain.
  2896 | Sewer    | Entered a sewer
  2910 | Sewer    | Reached XP level 8. HP: 78/78 MP: 7/7
  3023 | Sewer    | Found a white marble altar of Elyvilon.
  3312 | D:5      | Noticed Pikel
  3321 | D:5      | Killed Pikel
  3345 | D:5      | Identified a scroll of acquirement
  3411 | D:5      | Reached **** piety under Trog
  3782 | D:6      | Reached skill level 5 in Dodging
  3782 | D:6      | Reached skill level 6 in Unarmed Combat
  3976 | D:6      | Noticed Dowan
  3979 | D:6      | Noticed Duvessa
  3986 | D:6      | Killed Dowan
  3990 | D:6      | Killed Duvessa
  3990 | D:6      | Reached skill level 5 in Fighting
  3990 | D:6      | Reached XP level 9. HP: 88/88 MP: 8/8
  4587 | D:7      | Reached skill level 1 in Armour
  4835 | D:7      | Killed an unseen horror
  4968 | D:7      | Reached skill level 7 in Unarmed Combat
  5385 | D:7      | Noticed a cyan ugly thing
  5397 | D:7      | Killed a cyan ugly thing
  5397 | D:7      | Reached skill level 5 in Throwing
  5409 | D:7      | Received a gift from Trog
  5422 | D:7      | Got a smoking rapier {speed}
  5699 | D:8      | Reached XP level 10. HP: 98/98 MP: 9/9
  5993 | D:8      | Found a staircase to the Lair.
  5996 | D:8      | Reached skill level 8 in Unarmed Combat
  6043 | D:8      | Received a gift from Trog
  6207 | D:8      | Found a white marble altar of Elyvilon.
  6481 | D:8      | Identified the cursed +1 rapier of Emedunoiqo {speed, rC++} (You took it off an orc on level 7 of the Dungeon)
  6524 | Lair:1   | Entered Level 1 of the Lair of Beasts
  6570 | Lair:1   | Noticed a black mamba
  6578 | Lair:1   | Killed a black mamba
  6955 | Lair:1   | Reached skill level 9 in Unarmed Combat
  7312 | Lair:2   | Reached XP level 11. HP: 107/107 MP: 10/10
  7753 | Lair:2   | Found a staircase to the Swamp.
  7974 | Lair:2   | Reached ***** piety under Trog
  8188 | Lair:2   | Found a hole to the Spider Nest.
  8190 | Lair:2   | Found the +7 lajatang of Order {silver, rMut}
  8436 | Spider:1 | Entered Level 1 of the Spider Nest
  8436 | Spider:1 | Noticed an orb spider
  8436 | Spider:1 | Noticed a wolf spider
  8436 | Spider:1 | Noticed an orb spider
  8436 | Spider:1 | Noticed a wolf spider
  8438 | Spider:1 | Noticed a wolf spider
  8447 | Spider:1 | Killed a wolf spider
  8447 | Spider:1 | Killed a wolf spider
  8447 | Spider:1 | Reached skill level 10 in Unarmed Combat
  8448 | Spider:1 | Killed a wolf spider
  8453 | Spider:1 | Killed an orb spider
  8455 | Spider:1 | Killed an orb spider
  8664 | Spider:1 | Noticed a wolf spider
  8673 | Spider:1 | Killed a wolf spider
  8718 | Spider:1 | HP: 3/163 [something (9)]
  8719 | Spider:1 | Succumbed to a ghost moth's poison

Skill      XL: |  1  2  3  4  5  6  7  8  9 10 11 |
---------------+----------------------------------+-----
Dodging        | 3 4 5 6 7 |  7.2
Fighting       | 3 4 5 6 7 |  7.1
Throwing       | 1 2 3 4 5 6 8 |  8.3
Unarmed Combat | 4 5 6 7 9 10 | 10.4
Stealth        | 1 2 3 4 |  4.7
Armour         | 2 3 4 |  4.8

Action                   |  1- 3 |  4- 6 |  7- 9 | 10-12 || total
-------------------------+-------+-------+-------+-------++-------
Melee: Unarmed           |   112 |   100 |   221 |   223 ||   656
       Punch             |     1 |     2 |    10 |    11 ||    24
       Giant spiked club |       |       |    11 |       ||    11
Throw: Stone             |    24 |    17 |    24 |     2 ||    67
       Tomahawk          |       |       |       |    35 ||    35
Invok: Berserk           |     2 |     5 |     8 |     9 ||    24
       Trog's Hand       |       |     1 |     1 |     3 ||     5
       Burn Spellbooks   |       |       |     2 |       ||     2
       Brothers in Arms  |       |       |     1 |     4 ||     5
Evoke: Lightning rod     |       |       |       |     3 ||     3
       Wand              |       |       |       |     2 ||     2
  Use: Scroll            |       |     1 |     6 |     8 ||    15
       Potion            |       |       |       |     4 ||     4
 Stab: Sleeping          |     1 |       |     4 |     4 ||     9
  Eat: Chunk             |    20 |    16 |    38 |    36 ||   110
Armor: Animal skin       |    47 |    39 |       |       ||    86
       Robe              |       |     1 |    23 |       ||    24
       Acid dragon scale |       |       |    58 |   112 ||   170
Dodge: Dodged            |    69 |    81 |   133 |   153 ||   436
